 Dungeon Crawl Stone Soup version 0.28.0-49-g6dfe1f597d (webtiles) character file.

Game seed: 3628668702172172728

29393 Zeld the Fighter (level 13, -2/125 HPs)
             Began as a Minotaur Berserker on May 15, 2022.
             Was an Elder of Trog.
             Slain by a hell hound (7 damage)
             ... led by Azrael
             ... on level 12 of the Dungeon.
             The game lasted 00:15:58 (22327 turns).

Zeld the Fighter (Minotaur Berserker)              Turns: 22327, Time: 00:15:58

Health: -2/125     AC: 19    Str: 28    XL:     13   Next: 14%
Magic:  12/12      EV: 11    Int:  4    God:    Trog [****..]
Gold:   230        SH:  0    Dex: 12    Spells: 12/12 levels left

rFire   . . .      SeeInvis +   a - +3 battleaxe
rCold   . . .      Faith    .   (shield currently unavailable)
rNeg    . . .      Spirit   .   u - +0 plate armour
rPois   .          Reflect  .   v - +0 hat
rElec   .          Harm     .   g - +0 cloak
rCorr   .          Rampage  .   q - +2 pair of gloves {Dex+3}
Will    .....                   (no boots)
Stlth   ..........              (no amulet)
HPRegen 0.30/turn               B - ring of see invisible
MPRegen 0.13/turn               (no ring)

@: no status effects
A: horns 2, retaliatory headbutt
a: Renounce Religion, Berserk, Trog's Hand, Brothers in Arms


You were on level 12 of the Dungeon.
You worshipped Trog.
Trog was greatly pleased with you.
You visited 2 branches of the dungeon, and saw 16 of its levels.

You collected 803 gold pieces.
You spent 573 gold pieces at shops.

Inventory:

Hand Weapons
 a - a +3 battleaxe (weapon)
Armour
 g - a +0 cloak (worn)
 q - a +2 pair of gloves of dexterity (worn)
 u - a +0 plate armour (worn)
 v - a +0 hat (worn)
Jewellery
 B - a ring of see invisible (left hand)
Wands
 e - a wand of polymorph (3)
 n - a wand of flame (51)
 t - a wand of charming (11)
 w - a wand of iceblast (3)
 x - a wand of acid (2)
Scrolls
 c - 3 scrolls of fog
 k - 4 scrolls of magic mapping
 m - 2 scrolls of silence
 p - a scroll of teleportation
 s - a scroll of enchant armour
 C - a scroll of identify
Potions
 b - 2 potions of flight
 d - 9 potions of heal wounds
 f - a potion of berserk rage {unknown}
 h - 2 potions of mutation
 i - a potion of degeneration {unknown}
 j - a potion of invisibility {unknown}
 l - 2 potions of cancellation {unknown}
 o - 2 potions of lignification {unknown}
 r - a potion of might {unknown}
 z - a potion of ambrosia
 A - 2 potions of curing
 D - a potion of brilliance {unknown}
Miscellaneous
 y - a lightning rod (4/4)
 E - a piece from Xom's chessboard (15/15)


   Skills:
 * Level 14.5 Fighting
 * Level 14.5 Axes
 + Level 10.3 Armour
 + Level 9.4 Dodging
 * Level 8.9 Evocations


You had 12 spell levels left.
You didn't know any spells.
Your spell library was empty.

Dungeon Overview and Level Annotations

Branches:
Dungeon (15/15)            Temple (1/1) D:7            Lair (0/6) D:9
    Orc (0/2) D:10         Vaults (0/5) D:14
 Depths: D:15

Altars:
Ashenzari
Cheibriados
Dithmenos
Elyvilon
Fedhas
Gozag
Hepliaklqana
Kikubaaqudgha
Makhleb
Nemelex Xobeh
Okawaru
Qazlal
Ru
Sif Muna
Trog
Uskayaw
Vehumet
Wu Jian
Xom
Yredelemnul
Zin
The Shining One

Shops:
D:3 [:*   D:5 (   D:10 !   D:13 [   D:14 *?(

Portals:
Trove: D:10 (give 2 scrolls of acquirement)

Annotations:
D:12 Azrael
D:15 Louise


Innate Abilities, Weirdness & Mutations

You have a pair of horns on your head.
You reflexively headbutt those who attack you in melee.


Message History

The blast of flame hits the fire elemental.
The fire elemental completely resists.
The blast of flame hits the hell hound.
The hell hound completely resists.
The blast of flame misses you. The hell hound misses you.
The hell hound breathes flames at you.
The blast of flame hits the hell hound.
The hell hound completely resists.
The blast of flame hits you!! The hell hound breathes flames at you.
The blast of flame hits you! The fire elemental hits you.
The fire elemental burns you! The hell hound breathes flames at you.
The blast of flame hits you! The hell hound breathes flames at you.
The blast of flame misses you. The hell hound bites you!
The hell hound breathes flames at you.
The blast of flame hits the hell hound.
The hell hound completely resists.
The blast of flame hits the fire elemental.
The fire elemental completely resists.
The blast of flame hits you!!
* * * LOW HITPOINT WARNING * * *
The fire elemental hits you. The hell hound misses you.
You furiously retaliate!
You headbutt the hell hound, but do no damage.
The hell hound bites you but does no damage.
The hell hound breathes flames at you.
The blast of flame hits the hell hound.
The hell hound completely resists.
The blast of flame misses you. The hell hound breathes flames at you.
The blast of flame hits the hell hound.
The hell hound completely resists.
The blast of flame hits the hell hound.
The hell hound completely resists.
The blast of flame misses the hell hound.
The blast of flame hits you!
* * * LOW HITPOINT WARNING * * *
The hell hound bites you but does no damage.
The hell hound breathes flames at you.
The blast of flame hits the hell hound.
The hell hound completely resists.
The blast of flame hits you!
* * * LOW HITPOINT WARNING * * *
The hell hound bites you!
You die...

..R○E####...##°..#####.
..○○ ######.h○.......#
.E○ .(....EEE#####..#
.○ #######E######.. °
#.......... #.h######..
#..# #######hh#
........@# ########.#
#.# #<# #.# #.# #...
..# #..# ### #..# .
##..###.


You could see 4 fire elementals and 4 hell hounds.

Vanquished Creatures
  Josephine (D:10)
  A hydra (D:11)
  3 boulder beetles
  8 two-headed ogres
  2 dancing weapons (D:14)
  2 centaur warriors (D:14)
  A harpy (shapeshifter) (D:13)
  A deep elf pyromancer (D:11)
  A manticore (D:13)
  5 cyclopes
  5 centaur zombies
  A gargoyle (D:10)
  An unseen horror (D:9)
  An efreet (D:10)
  An unseen horror (shapeshifter) (D:13)
  6 trolls
  Grinder (D:3)
  A shadow (D:10)
  Sigmund (D:2)
  5 wraiths
  3 wyverns
  25 yaks
  A vampire (D:11)
  Grum (D:5)
  4 steam dragons
  3 vampire mosquitoes (D:13)
  2 acid dragons
  3 orc warriors
  A hornet zombie (D:8)
  3 ice beasts
  A necrophage (D:5)
  3 wolves (D:9)
  5 centaurs
  A phantom (D:7)
  A bullfrog (D:7)
  2 gnoll sergeants
  A wyvern skeleton (D:5)
  A scorpion (D:5)
  4 jellies
  24 killer bees
  12 wights
  4 electric eels
  A howler monkey (D:4)
  A bullfrog zombie (D:4)
  A lava snake (D:7)
  3 orc priests
  4 bullfrog skeletons
  A centaur skeleton (D:7)
  17 hounds
  Crazy Yiuf (D:2)
  6 iguanas
  A scorpion zombie (D:5)
  6 orc wizards
  2 hound skeletons (D:4)
  Robin (D:2)
  15 gnolls
  A howler monkey skeleton (D:7)
  7 adders
  A white imp (D:6)
  3 ufetubi
  An adder skeleton (D:4)
  A worm (D:4)
  2 dart slugs (D:1)
  29 orcs
  9 ball pythons
  3 bats
  4 endoplasms
  3 giant cockroaches
  13 goblins
  11 hobgoblins
  13 jackals
  2 quokkas (D:1)
  9 frilled lizards
  7 kobolds
  3 rats
335 creatures vanquished.

Vanquished Creatures (collateral kills)
  A gargoyle (D:14)
  Maggie (D:8)
  A killer bee (D:8)
3 creatures vanquished.

Vanquished Creatures (others)
  5 plants
  A withered plant (D:1)
6 creatures vanquished.

Grand Total: 344 creatures vanquished

Notes
Turn   | Place    | Note
-------+----------+-------------------------------------------
     0 | D:1      | Zeld the Minotaur Berserker began the quest for the Orb.
     0 | D:1      | Reached XP level 1. HP: 19/19 MP: 0/0
    71 | D:1      | Reached XP level 2. HP: 26/27 MP: 1/1
   436 | D:1      | Reached ** piety under Trog
   494 | D:1      | Found a faded altar of an unknown god.
   677 | D:1      | Reached XP level 3. HP: 28/33 MP: 2/2
  1180 | D:2      | Found a runed translucent door.
  1181 | D:2      | Noticed Crazy Yiuf
  1367 | D:2      | Noticed Sigmund
  1737 | D:2      | Killed Sigmund
  1738 | D:2      | Reached skill level 5 in Fighting
  1738 | D:2      | Reached skill level 5 in Axes
  1738 | D:2      | Reached XP level 4. HP: 39/42 MP: 3/3
  1738 | D:2      | Reached XP level 5. HP: 45/48 MP: 4/4
  2240 | D:2      | Noticed Robin
  2257 | D:2      | Reached XP level 6. HP: 44/56 MP: 5/5
  2262 | D:2      | Killed Robin
  2654 | D:2      | Killed Crazy Yiuf
  2792 | D:3      | Found Poept's General Store.
  2825 | D:3      | Bought a scroll of magic mapping for 35 gold pieces
  3154 | D:3      | Found Qyic's Book Boutique.
  3217 | D:3      | Reached *** piety under Trog
  3397 | D:3      | Found Hyschos's Antique Armour Shoppe.
  3936 | D:3      | Bought a scroll of silence for 75 gold pieces
  3948 | D:4      | Noticed Grinder
  3954 | D:4      | Paralysed by Grinder for 7 turns
  4087 | D:3      | Killed Grinder
  4088 | D:3      | Reached XP level 7. HP: 64/64 MP: 6/6
  4242 | D:4      | Found a radiant altar of Vehumet.
  5079 | D:5      | Entered Level 5 of the Dungeon
  5469 | D:5      | Reached skill level 5 in Armour
  5469 | D:5      | Reached XP level 8. HP: 73/73 MP: 7/7
  5708 | D:5      | Found Wibutt's Weapon Emporium.
  6828 | D:5      | Reached skill level 5 in Dodging
  7403 | D:5      | Noticed Grum
  7930 | D:5      | Killed Grum
  8145 | D:6      | Reached XP level 9. HP: 54/83 MP: 8/8
  8746 | D:6      | Reached **** piety under Trog
  8866 | D:3      | Bought 2 scrolls of enchant weapon for 150 gold pieces
  9197 | D:6      | Reached skill level 1 in Evocations
  9615 | D:7      | Found a staircase to the Ecumenical Temple.
  9738 | Temple   | Entered the Ecumenical Temple
 11140 | D:8      | Reached skill level 10 in Fighting
 11145 | D:7      | Reached skill level 10 in Axes
 11700 | D:8      | Found an ornate altar of the Wu Jian Council.
 11765 | D:8      | Reached XP level 10. HP: 80/94 MP: 9/9
 11854 | D:8      | Noticed Maggie
 11866 | D:8      | Killed Maggie
 12389 | D:8      | Found a sparkling altar of Nemelex Xobeh.
 12522 | D:8      | Noticed a two-headed ogre
 12529 | D:8      | Killed a two-headed ogre
 14256 | D:9      | Found a staircase to the Lair.
 14960 | D:9      | Reached skill level 5 in Evocations
 15627 | D:9      | Reached XP level 11. HP: 95/104 MP: 10/10
 15906 | D:9      | Found a bloodstained altar of Trog.
 16343 | D:3      | Bought a hat for 100 gold pieces
 16538 | D:10     | Entered Level 10 of the Dungeon
 17272 | D:10     | Found a portal to a secret trove of treasure.
 17347 | D:10     | Found Acipiy's Distillery.
 17347 | D:10     | Noticed Josephine
 17358 | D:10     | Killed Josephine
 17403 | D:10     | Bought a potion of ambrosia for 120 gold pieces
 17403 | D:10     | Bought a potion of curing for 45 gold pieces
 17547 | D:10     | Noticed a two-headed ogre
 17553 | D:10     | Killed a two-headed ogre
 17718 | D:10     | Noticed a boulder beetle
 17723 | D:10     | Killed a boulder beetle
 17797 | D:10     | Noticed a two-headed ogre
 17805 | D:10     | Killed a two-headed ogre
 17806 | D:10     | Reached XP level 12. HP: 99/115 MP: 11/11
 17810 | D:10     | Noticed a two-headed ogre
 18014 | D:10     | Killed a two-headed ogre
 18115 | D:10     | Found a staircase to the Orcish Mines.
 18265 | D:11     | Noticed a two-headed ogre
 18270 | D:11     | Killed a two-headed ogre
 18615 | D:11     | Found a hazy altar of Hepliaklqana.
 18684 | D:11     | You fall into a shaft and drop 3 floors!
 18689 | D:14     | Found Amuqoh's General Store.
 18696 | D:14     | Noticed a boulder beetle
 18706 | D:14     | Killed a boulder beetle
 18840 | D:14     | Bought a scroll of fog for 24 gold pieces
 18840 | D:14     | Bought a scroll of fog for 24 gold pieces
 19322 | D:14     | Found a gate to the Vaults.
 19375 | D:14     | Noticed a death knight
 19393 | D:15     | Entered Level 15 of the Dungeon
 19393 | D:15     | Noticed Louise
 19393 | D:15     | Noticed a tengu warrior
 19393 | D:15     | Noticed a two-headed ogre
 19394 | D:15     | Noticed a boulder beetle
 19709 | D:14     | Noticed a centaur warrior
 19720 | D:14     | Killed a centaur warrior
 19904 | D:14     | Found Cilaiw Baafe's Weapon Shoppe.
 19970 | D:14     | Found Gatag's Magic Scroll Shop.
 19971 | D:14     | Noticed a centaur warrior
 19981 | D:14     | Killed a centaur warrior
 20294 | D:13     | Found Cheibriados's Comfort Zone.
 20396 | D:13     | Found a snail-covered altar of Cheibriados.
 20559 | D:13     | Noticed a two-headed ogre
 20567 | D:13     | Killed a two-headed ogre
 20767 | D:13     | Reached skill level 10 in Armour
 21010 | D:13     | Noticed a boulder beetle
 21018 | D:13     | Killed a boulder beetle
 21267 | D:11     | Noticed a seven-headed hydra
 21269 | D:11     | Noticed a two-headed ogre
 21274 | D:11     | Killed a seven-headed hydra
 21278 | D:11     | Killed a two-headed ogre
 21279 | D:11     | Reached XP level 13. HP: 76/125 MP: 12/12
 22308 | D:12     | Noticed Azrael
 22326 | D:12     | HP: 5/125 [hell hound/blast of flame[Azrael] (15)]
 22327 | D:12     | Slain by a hell hound

Illustrated notes

Levels and vault maps discovered:
D:1:      amcnicky_arrival_single_pillar, layout_basic,
          shapermc_ecumenical_altar_flowoftime, serial_forest,
          infiniplex_forest_clump_small, infiniplex_forest_lined_room_3,
          infiniplex_forest_lined_room_2, infiniplex_forest_lined_2,
          infiniplex_forest_lined_1, infiniplex_forest_straight_4
D:2:      layout_loops_ring, serial_aquarium, aquarium_bridge_long_separate
          [aquarium_subvault_wall, aquarium_subvault_bridge,
          aquarium_subvault_window, aquarium_subvault_bridge,
          aquarium_subvault_bridge, aquarium_subvault_bridge],
          aquarium_bridge_square [aquarium_subvault_bridge,
          aquarium_subvault_wall, aquarium_subvault_window,
          aquarium_subvault_window], aquarium_window_2, aquarium_window_fake,
          aquarium_window_3, aquarium_window_2, aquarium_view_2e,
          aquarium_balcony_double_4, aquarium_pool_2, uniq_sigmund,
          uniq_crazy_yiuf_cottage, uniq_robin
D:3:      layout_loops_ring, serial_shops, nicolae_shop_hallway_stairs,
          shop_fountains, shop_fountains
D:4:      layout_loops_ring, vehumet_altar_wand_db, serial_park_tiny_2,
          kennysheep_cross_room, uniq_grinder
D:5:      layout_cave_pools, serial_gnoll_camp, gnoll_camp_mini_hut,
          gnoll_camp_mini_doghouse, grums_kennel, gnoll_camp_mini_doghouse,
          gnoll_camp_mini_shop, hangedman_abyss_or_decor_stabs,
          minmay_misc_feat_five, kennysheep_small_square
D:6:      layout_gridville, kennysheep_generic_room_2
D:7:      layout_basic, minmay_temple_entry_junction, kennysheep_generic_room_4
D:8:      layout_cave_pods, lemuel_crystal_altar, mainiacjoe_overflow_alcove_1,
          uniq_maggie
D:9:      layout_loops_ring, mainiacjoe_overflow_surrounded_room,
          erik_lair_island, eino_jars
D:10:     hangedman_cross_stitches, layout_gridville, orc_0_dummy, serial_shops,
          shop, enter_trove_0, uniq_josephine
D:11:     layout_gridville, nicolae_hepliaklqana_hazy_memory
D:12:     layout_loops_ring, makhleb_altar_promises_db, uniq_azrael
D:13:     layout_stronghold, minmay_shop_chei
D:14:     layout_grid_maze, erik_vaults_1, chequers_serial_rivers_marsh,
          serial_shops, nicolae_shop_advertising_works
          [nicolae_subvault_shop_adworks], nicolae_shop_window_shopping,
          nicolae_diamond_shop, shop, nicolae_shop_waterfront,
          kennysheep_nondescript, grunt_ministairs_6, minivault_27
D:15:     grunt_enter_depths_magical_seal, layout_cave_pools, serial_park,
          serial_park_tiny_pond, serial_park_square3
          [serial_park_minivault_5x5_3], serial_park_tiny_pond,
          serial_park_gazebo [serial_park_minivault_5x5_1], serial_park_square1
          [serial_park_minivault_5x5_6], minmay_door_square, sword_in_stone
Temple:   mainiacjoe_temple_coin_purse

Skill      XL: |  1  2  3  4  5  6  7  8  9 10 11 12 |
---------------+-------------------------------------+-----
Fighting       | 4 5 6 7 9 10 11 13 14 | 14.5
Axes           | 4 5 6 7 9 10 11 13 14 | 14.5
Armour         | 3 4 5 6 7 8 9 10 | 10.3
Dodging        | 3 4 5 6 7 8 9 |  9.4
Evocations     | 3 5 7 8 |  8.9

Action                   |  1- 3 |  4- 6 |  7- 9 | 10-12 | 13-15 || total
-------------------------+-------+-------+-------+-------+-------++-------
Melee: Hand axe          |    80 |   114 |   321 |       |       ||   515
       Headbutt          |     8 |    24 |    70 |    73 |     8 ||   183
       Punch             |       |       |     4 |       |       ||     4
       Battleaxe         |       |       |    35 |   332 |    37 ||   404
Invok: Berserk           |     1 |     3 |    11 |    15 |     1 ||    31
       Trog's Hand       |       |     1 |       |     2 |       ||     3
       Brothers in Arms  |       |       |       |     2 |       ||     2
Evoke: Wand              |       |       |       |    15 |       ||    15
  Use: Scroll            |       |       |       |    15 |       ||    15
 Stab: Sleeping          |     1 |       |       |       |       ||     1
Armor: Animal skin       |    13 |    22 |    77 |       |       ||   112
       Chain mail        |       |       |    41 |   116 |       ||   157
       Plate armour      |       |       |       |   165 |    28 ||   193
Dodge: Dodged            |    51 |    52 |   275 |   225 |    27 ||   630
